groovejumper, neutral female human Wizard ------ ------- |.....#### ----- ----- #......| -------- |+.p@| # |...| |...| #|.....| .......| |...$+######|....#### |...| |......# |......| -.---- #+...| # |.%.| #......|# #.%.<...| #-#-#- ##....| |.....## |......| ###########|...+ -.---#-# |......| #-#---# # # ---.---- ####### ### # ## # # # # # # # ### # # ### # ### # # ## -.---- #-#---.-------- ### -----#-###-#######.....| #|............| # |.........|# |....| #|..........!>| ##..........|# |....| #.............| |.........-# |....| |............| ----------- ------ -------------- groovejumper the Conjurer Experience level: 4 Strength: 11 Dexterity: 14 Constitution: 14 Intelligence: 14 Wisdom: 10 Charisma: 12 Health: 0(23) Energy: 23(33) AC: 7 Gold: 205 Moves: 1773 Your Inventory: Coins $ - 205 gold pieces Amulets A - an [uncursed] spiked amulet [of ESP] Weapons a - a blessed +1 quarterstaff (weapon in hands) Armor v - a blessed +2 cloak of magic resistance (being worn) Scrolls C - an [uncursed] scroll labeled THARR [of food detection] Potions B - an [uncursed] clear potion [of water] Rings d - an uncursed ring of slow digestion (on right hand) e - an uncursed ring of fire resistance (on left hand) Wands c - an uncursed wand of striking (0:6) Tools b - an [uncursed] bag [sack] u - an [uncursed] towel w - an [uncursed] magic whistle Contents of the sack: 168 gold pieces an [uncursed] lichen corpse an uncursed scroll of flood an uncursed scroll of gold detection an uncursed scroll of teleportation a blessed spellbook of force bolt an uncursed spellbook of haste self an [uncursed] brown potion [of restore ability] an [uncursed] bubbly potion [of sickness] an uncursed potion of gain energy an uncursed potion of gain level an uncursed potion of invisibility a [blessed] potion of oil an uncursed potion of paralysis an [uncursed] can of grease [0:17] an [uncursed] stethoscope Spells known in the end: Name Level Category Fail Memory a - force bolt 1 attack 0% [||||||||] b - haste self 3 escape 100% [||||||||] Your skills at the end: Fighting Skills Weapon Skills quarterstaff [Basic / Expert] Spellcasting Skills attack spells [Basic / Expert] enchantment spells [Basic / Skilled] Final Attributes: You were devoutly aligned. Hunger level was 903. Your alignment was 18 / 18. Monster difficulty range was 0 - 4. Level difficulty was 4. You were immune to fire. You were magic-protected. You had slower digestion. Your luck was zero. You are dead. Vanquished creatures: a kitten a homunculus a kobold lord a large kobold 2 hobgoblins 2 cave spiders a yellow mold a gnome zombie 3 geckos 2 jackals a goblin 4 grid bugs 2 lichens 3 newts 25 creatures vanquished. Voluntary challenges: You were an atheist. You used a wielded weapon 21 times. You read items or engraved 2 times. You put on armor 1 time. You never genocided any monsters. You never polymorphed an object. You never changed form. You used no wishes. You never wrote Elbereth's name. You never encountered a bones level. You never used any Sokoban shortcuts. Dungeon overview: The Dungeons of Doom: levels 1 to 4 Level 1 a sink a long staircase Level 2 some fountains, a sink stairs to The Gnomish Mines Level 3 a tool shop, some fountains Level 4 <- You were here The Gnomish Mines: Level 3 stairs to The Dungeons of Doom History has recorded: On T:1 you entered the Dungeons of Doom to retrieve the Amulet of Yendor! On T:386 you reached level 2 of The Dungeons of Doom. On T:465 you advanced to experience level 2. On T:784 you reached level 1 of The Gnomish Mines. On T:828 you advanced to experience level 3. On T:832 you reached level 3 of The Dungeons of Doom. On T:1354 you advanced to experience level 4. On T:1617 you reached level 4 of The Dungeons of Doom. Latest messages: The spell misses the cave spider. The cave spider bites! [HP-1=12] The spell hits the cave spider! You kill the cave spider! [HP+1=13] B - a clear potion. C - a scroll labeled THARR. [HP+1=14] [HP+1=15] [HP+1=16] [HP+1=17] [HP+1=18] A rock piercer suddenly drops from the ceiling! You are hit by a falling rock piercer! The rock piercer bites! You die... Final status: Goodbye groovejumper the Wizard... You died in The Dungeons of Doom on dungeon level 4 with 998 points, and 373 pieces of gold, after 1773 moves. You were level 4 with a maximum of 23 hit points when you died.